 Seeded DCSS version 0.30-a0-475-g03497ec522 (webtiles) character file.

Game seed: 10850886320106346851 (custom seed)

73293 Juicyj the Bludgeoner (level 15, -2/139 HPs)
             Began as a Minotaur Fighter on Dec 20, 2022.
             Was an Initiate of Gozag.
             Slain by a nagaraja
             ... wielding a +0 whip of pain
              (23 damage)
             ... on level 1 of the Depths.
             The game lasted 00:37:15 (16376 turns).

Juicyj the Bludgeoner (Minotaur Fighter)           Turns: 16376, Time: 00:37:16

Health: -2/139     AC: 24    Str: 34      XL:     15   Next: 3%
Magic:  14/14      EV: 14    Int:  9 (10) God:    Gozag
Gold:   3242       SH: 14    Dex: 20      Spells: 14/14 levels left

rFire   + . .      SeeInvis +    H - +5 flail of Juicyj's Doom {elec, Contam rF+ rCorr Str+7}
rCold   + . .      Faith    .    c - +0 buckler
rNeg    . . .      Spirit   .    K - +0 scale mail "Qolus" {Str+2 Dex+3}
rPois   +          Reflect  +    h - +2 hat
rElec   .          Harm     .    (no cloak)
rCorr   +          Rampage  .    w - +1 pair of gloves {Stlth+}
Will    .....      NoTele   +    m - +1 pair of boots
Stlth   +++.......               P - amulet "Umiuthe" {Reflect Will- Regen+ Int+3 SH+5 SInv}
HPRegen 1.23/turn                e - ring "Vaynunom" {rPois AC+4}
MPRegen 0.14/turn                A - ring "Tahudiaz" {rC+ AC+4 Str+4 Int+2}

@: untranslocatable, gold aura, constricted, invisible, unable to read
A: horns 2, retaliatory headbutt, inability to read after injury 1
a: Renounce Religion, Potion Petition, Call Merchant, Bribe Branch


You were on level 1 of the Depths.
You worshipped Gozag.
Gozag was most pleased with you.
You visited 4 branches of the dungeon, and saw 18 of its levels.
You also visited: Sewer.

You collected 4701 gold pieces.
You spent 1411 gold pieces at shops.
You paid 48 gold pieces to Gozag.

Inventory:

Hand Weapons
 a - a +0 flail
 H - the +5 flail of Juicyj's Doom (weapon) {elec, Contam rF+ rCorr Str+7}
   (You bought it in a shop on level 5 of the Dungeon)

   It occasionally discharges a powerful burst of electricity upon striking a
   foe.
   Str:       It affects your strength (+7).
   rF:        It protects you from fire.
   Contam:    It causes magical contamination when unequipped.
   rCorr:     It protects you from acid and corrosion.
 T - a +3 sling
Missiles
 b - 2 boomerangs of dispersal (quivered)
Armour
 c - a +0 buckler (worn)
 h - a +2 hat (worn)
 m - a +1 pair of boots (worn)
 p - a +3 scale mail
 w - a +1 pair of gloves of stealth (worn)
 K - the +0 scale mail "Qolus" (worn) {Str+2 Dex+3}
   (You found it on level 9 of the Dungeon)

   Str:       It affects your strength (+2).
   Dex:       It affects your dexterity (+3).
Jewellery
 e - the ring "Vaynunom" (left hand) {rPois AC+4}
   (You acquired it on level 1 of the Dungeon)

   [ring of protection]

   AC:        It affects your AC (+4).
   rPois:     It protects you from poison.
 g - a ring of fire
 x - the amulet of the Ten Yaks {Reflect rC+ SH+5}
   (You found it on level 5 of the Dungeon)

   [amulet of reflection]

   It reflects blocked missile attacks.
   rC:        It protects you from cold.
   SH:        It affects your SH (+5).
 A - the ring "Tahudiaz" (right hand) {rC+ AC+4 Str+4 Int+2}
   (You found it on level 5 of the Dungeon)

   [ring of protection]

   AC:        It affects your AC (+4).
   Str:       It affects your strength (+4).
   Int:       It affects your intelligence (+2).
   rC:        It protects you from cold.
 B - a +6 ring of strength
 F - a ring of resist corrosion
 J - an amulet of the acrobat
 O - an amulet of guardian spirit
 P - the amulet "Umiuthe" (around neck) {Reflect Will- Regen+ Int+3 SH+5 SInv}
   (You found it on level 14 of the Dungeon)

   [amulet of reflection]

   It reflects blocked missile attacks.
   Int:       It affects your intelligence (+3).
   SInv:      It lets you see invisible.
   Regen:     It increases your rate of health regeneration.
   SH:        It affects your SH (+5).
   Will:      It decreases your willpower.
Wands
 i - a wand of flame (66)
 n - a wand of paralysis (25)
 C - a wand of mindburst (14)
Scrolls
 j - 10 scrolls of teleportation
 k - a scroll of silence
 o - 2 scrolls of blinking
 s - 4 scrolls of noise
 v - 3 scrolls of fog
 z - a scroll of enchant weapon
 E - 7 scrolls of magic mapping
 G - a scroll of brand weapon
 I - 3 scrolls of poison
 L - 2 scrolls of identify
 M - 2 scrolls of amnesia
Potions
 d - 3 potions of might
 f - 5 potions of flight
 q - 3 potions of resistance
 r - 2 potions of magic
 u - 3 potions of curing
 D - 4 potions of brilliance
 N - a potion of cancellation {unknown}
 Q - a potion of mutation {unknown}
Miscellaneous
 y - a tin of tremorstones (2/2)
 R - a condenser vane (inert)
 S - a lightning rod (4/4)


   Skills:
 + Level 14.3 Fighting
 + Level 16.8 Maces & Flails
 + Level 0.2 Ranged Weapons
 + Level 13.0 Armour
 + Level 9.2 Dodging
 + Level 5.9 Stealth
 + Level 15.7 Shields
 * Level 3.7 Evocations


You had 14 spell levels left.
You didn't know any spells.
Your spell library contained the following spells:

 Spells                   Type           Power      Damage    Failure   Level
 Magic Dart               Conj           0%         1d3       58%         1
 Sandblast                Erth           0%         2d4       58%         1
 Passwall                 Tmut/Erth      0%         N/A       75%         2
 Searing Ray              Conj           0%         2d4       75%         2
 Call Canine Familiar     Summ           0%         N/A       92%         3
 Frozen Ramparts          Ice            0%         1d1       92%         3
 Gell's Gravitas          Tloc           0%         N/A       92%         3
 Kindle Blastsparks       Fire/Tloc/Air  0%         2d10      92%         3
 Portal Projectile        Hex/Tloc       0%         N/A       92%         3
 Stone Arrow              Conj/Erth      0%         3d7       92%         3
 Teleport Other           Tloc           0%         N/A       92%         3
 Tukima's Dance           Hex            0%         N/A       92%         3
 Airstrike                Air            0%         2d(0-16)  100%        4
 Fulminant Prism          Conj/Hex       0%         3d5       100%        4
 Ice Form                 Ice/Tmut       0%         N/A       100%        4
 Iskenderun's Mystic Bla  Conj/Tloc      0%         2d3       100%        4
 Leda's Liquefaction      Hex/Erth       0%         N/A       100%        4
 Summon Ice Beast         Ice/Summ       0%         N/A       100%        4
 Summon Lightning Spire   Summ/Air       0%         N/A       100%        4
 Blade Hands              Tmut           0%         N/A       100%        5
 Lee's Rapid Deconstruct  Erth           0%         3d4*      100%        5
 Lightning Bolt           Conj/Air       0%         1d11      100%        5
 Dispersal                Tloc           0%         N/A       100%        6
 Haunt                    Necr/Summ      0%         N/A       100%        7
 Infestation              Necr           0%         N/A       100%        8
 Animate Dead             Necr           Unusable   N/A       N/A         4

Dungeon Overview and Level Annotations

Branches:
Dungeon (15/15)            Temple (1/1) D:4            Lair (0/5) D:11
    Orc (0/2) D:10         Vaults (0/5) D:14         Depths (1/4) D:15
   Hell (visited)           Sewer (visited)
    Dis: Hell:1         Geh: Hell:1         Coc: Hell:1         Tar: Hell:1

Altars:
Ashenzari
Cheibriados
Dithmenos
Elyvilon
Fedhas
Gozag
Hepliaklqana
Kikubaaqudgha
Makhleb
Nemelex Xobeh
Okawaru
Qazlal
Ru
Sif Muna
Trog
Uskayaw
Vehumet
Wu Jian
Xom
Yredelemnul
Zin
The Shining One

Shops:
D:4 (*:   D:5 (*(:(   D:9 [   D:10 (!   Depths:1 *

Portals:
Hell: Depths:1

Annotations:
D:5 2 runed translucent doors
D:11 exclusion: 2 oklob plants
Hell Geryon


Innate Abilities, Weirdness & Mutations

You have a pair of horns on your head.
You reflexively headbutt those who attack you in melee.
You occasionally lose the ability to read scrolls when taking damage.


Message History

The naga mage is engulfed in acidic fog.
The acid corrodes the naga mage!
The naga mage shouts!
The naga mage gestures at something while chanting.
The naga warrior is engulfed in acidic fog.
The naga warrior is distracted by your dazzling golden aura.
The guardian serpent is engulfed in acidic fog.
The guardian serpent seems to be corroded for longer.
The naga warrior is engulfed in acidic fog.
The naga warrior spits poison at you.
The splash of poison reflects off an invisible shield around you!
The splash of poison hits the naga warrior.
The nagaraja is engulfed in acidic fog.
The acid corrodes the nagaraja!
The nagaraja is engulfed in acidic fog.
The nagaraja seems to be corroded for longer.
The nagaraja hits you with a +0 whip of pain!
* * * LOW HITPOINT WARNING * * *
You writhe in agony.
* * * LOW HITPOINT WARNING * * *
The nagaraja constricts you.
The anaconda is engulfed in acidic fog.
The anaconda seems to be corroded for longer.
The naga warrior shouts!
You feel better.
You hear a shout!
You hear an angry hiss.
The guardian serpent is no longer distracted by gold.
The guardian serpent is engulfed in acidic fog.
The acid corrodes the guardian serpent!
The guardian serpent hits you.
* * * LOW HITPOINT WARNING * * *
The anaconda is engulfed in acidic fog.
The guardian serpent is engulfed in acidic fog.
The guardian serpent seems to be corroded for longer.
The lindwurm is engulfed in acidic fog.
The acid corrodes the lindwurm!
The naga mage is engulfed in acidic fog.
The naga mage seems to be corroded for longer.
The nagaraja is engulfed in acidic fog.
The acid corrodes the nagaraja!
The nagaraja is engulfed in acidic fog.
The nagaraja seems to be corroded for longer.
The nagaraja hits you with a +0 whip of pain!!
You die...
Your body crumbles into a pile of gold.

#........'.###.......)#
#........### ###'######
#.######## #...# #.
###.## ###.### #..#
#k≈S§.# ##.# NS#§§§#N##
#.# N.'N§N§SN####
######'##
.N'.§S##NN@S##
#...#...# ..#≈§.
####N§#####.#.#.### #k≈
##§...##.#[#...# ###
####..'.#.###.#
####.....#.# #####.#.#
#.......# #########


You could see 3 nagarajas, 2 naga warriors, an anaconda (wandering, unable to
see you, corroded), a lindwurm (wandering, unable to see you, corroded), 2
guardian serpents and 2 naga magi.

Vanquished Creatures
  Gastronok (D:9)
  A sphinx (Depths:1)
  A nagaraja (Depths:1)
  A fire giant (D:14)
  2 stone giants (Depths:1)
  5 very ugly things
  A vampire knight (Depths:1)
  3 spark wasps (Depths:1)
  Josephine (D:13)
  A merfolk javelineer (Depths:1)
  2 fire dragons
  2 ice dragons (Depths:1)
  3 hydras
  A death knight (D:15)
  3 centaur warriors
  2 rakshasas
  3 two-headed ogres
  3 tengu warriors
  3 boulder beetles
  2 deep troll shamans (Depths:1)
  A naga warrior (Depths:1)
  A soul eater (Hell)
  An iron troll (Depths:1)
  3 deep trolls (Depths:1)
  2 sea snakes (Depths:1)
  3 skeletal warriors
  A glowing orange brain (D:15)
  2 phantasmal warriors
  A wizard (D:14)
  2 orc knights
  A wolf spider (shapeshifter) (D:15)
  A necromancer (D:9)
  2 deep elf pyromancers
  29 ugly things
  7 cyclopes
  3 manticores
  A black mamba (shapeshifter) (D:9)
  Maurice (D:8)
  A naga mage (Depths:1)
  2 gargoyles
  An unseen horror (D:11)
  An efreet (D:15)
  A freezing wraith (D:14)
  2 rime drakes (shapeshifter) (D:14)
  2 trolls
  5 yaktaurs (D:15)
  A troll (shapeshifter) (D:15)
  6 meliai
  14 slime creatures
  3 shadows
  A wyvern (D:10)
  3 vampires
  7 wraiths
  16 yaks
  2 basilisks (D:15)
  Eustachio (D:5)
  A steam dragon (D:7)
  3 vampire mosquitoes (D:14)
  2 acid dragons (D:9)
  A water moccasin (D:7)
  A sky beast (D:7)
  An ice beast (D:5)
  12 orc warriors
  5 ogres
  4 black bears
  11 centaurs
  A phantom (D:7)
  4 kobold brigands
  2 bullfrogs
  2 necrophages
  2 scorpions
  4 wights
  6 killer bees
  The ghost of Heh the Trooper, a weakling OpFi (D:3)
  9 howler monkeys
  3 jellies
  7 hounds
  4 orc priests
  2 iguanas
  13 orc wizards
  A hell rat (Sewer)
  10 adders
  2 river rats (Sewer)
  2 shadow imps
  2 worms
  65 orcs
  10 bats
  11 endoplasms
  8 giant cockroaches
  8 goblins
  8 hobgoblins
  9 jackals (D:2)
  5 quokkas
  4 ball pythons
  3 frilled lizards
  26 kobolds
  33 rats
480 creatures vanquished.

Vanquished Creatures (others)
  A glowing orange brain (Depths:1)
  A fungus (D:4)
  8 plants (D:15)
10 creatures vanquished.

Grand Total: 490 creatures vanquished

Notes
Turn   | Place    | Note
-------+----------+-------------------------------------------
     0 | D:1      | Juicyj the Minotaur Fighter began the quest for the Orb.
     0 | D:1      | Reached XP level 1. HP: 19/19 MP: 0/0
    93 | D:1      | Reached XP level 2. HP: 27/27 MP: 1/1
   285 | D:1      | Found a faded altar of an unknown god.
   627 | D:1      | Reached XP level 3. HP: 33/33 MP: 2/2
   789 | D:1      | Identified a scroll of acquirement
   789 | D:1      | Acquired the ring "Vaynunom" {rPois AC+4}
   916 | D:2      | Reached skill level 3 in Maces & Flails
   974 | D:2      | Reached XP level 4. HP: 40/40 MP: 3/3
  1253 | D:2      | Reached skill level 1 in Dodging
  1543 | D:3      | Found a large runed translucent door.
  1547 | D:3      | Found a large runed translucent door.
  1548 | D:3      | Noticed Heh's ghost (weakling OpFi)
  1663 | D:3      | Reached XP level 5. HP: 47/47 MP: 4/4
  1774 | D:3      | Found a bloodstained altar of Trog.
  1812 | D:3      | Found an ornate altar of the Wu Jian Council.
  1949 | D:3      | Noticed a black bear
  1956 | D:3      | Killed a black bear
  1957 | D:3      | Reached skill level 4 in Maces & Flails
  2177 | D:3      | Killed Heh's ghost
  2178 | D:3      | Reached XP level 6. HP: 44/55 MP: 5/5
  2304 | D:4      | Found a staircase to the Ecumenical Temple.
  2378 | D:4      | Found a glowing drain.
  2382 | Sewer    | Entered a sewer
  2396 | Sewer    | Reached skill level 5 in Shields
  2528 | D:4      | Reached skill level 5 in Maces & Flails
  2539 | D:4      | Found Rodib's Tremendous Tomes.
  2598 | D:4      | Found a shimmering blue altar of Sif Muna.
  2627 | D:4      | Reached skill level 5 in Fighting
  2627 | D:4      | Reached skill level 5 in Armour
  2721 | D:4      | Found a sacrificial altar of Ru.
  2833 | D:4      | Found Medod's General Store.
  3045 | D:4      | Found Diamn's Antique Weapon Emporium.
  3135 | Temple   | Entered the Ecumenical Temple
  3205 | Temple   | Became a worshipper of Gozag Ym Sagoz the Greedy
  3239 | D:5      | Entered Level 5 of the Dungeon
  3252 | D:5      | Found a large runed translucent door.
  3252 | D:5      | Found a large runed translucent door.
  3268 | D:5      | Found a large runed translucent door.
  3268 | D:5      | Found a large runed translucent door.
  3310 | D:5      | Noticed Eustachio
  3316 | D:5      | Killed Eustachio
  3317 | D:5      | Reached skill level 6 in Maces & Flails
  3317 | D:5      | Reached XP level 7. HP: 61/61 MP: 6/6
  3407 | D:5      | Found a snail-covered altar of Cheibriados.
  3408 | D:5      | Found a glowing silver altar of Zin.
  3524 | D:5      | Reached skill level 7 in Maces & Flails
  3582 | D:5      | Found Gigidunie's Weapon Shoppe.
  3589 | D:5      | Found Kuanunel's Antique Weapon Shop.
  3672 | D:5      | Reached skill level 8 in Maces & Flails
  3680 | D:5      | Reached XP level 8. HP: 57/68 MP: 7/7
  3750 | D:5      | Identified the amulet of the Ten Yaks {Reflect rC+ SH+5}
  3855 | D:5      | Found Rienam's Assorted Antiques.
  3962 | D:5      | Found Agam's Book Emporium.
  4000 | D:5      | Found Xiophada's Weapon Shoppe.
  4014 | D:5      | Reached skill level 9 in Maces & Flails
  4019 | D:5      | Identified the ring "Tahudiaz" {rC+ AC+4 Str+4 Int+2}
  4187 | D:6      | Reached skill level 1 in Stealth
  4474 | D:6      | Found an iron altar of Okawaru.
  5130 | D:7      | Reached XP level 9. HP: 71/75 MP: 8/8
  5203 | D:7      | Found a radiant altar of Vehumet.
  5348 | D:7      | Reached skill level 10 in Maces & Flails
  6080 | D:5      | Bought the +5 flail of Juicyj's Doom {elec, Contam rF+
                  | rCorr Str+7} for 811 gold pieces
  6310 | D:8      | Noticed Maurice
  6318 | D:8      | Killed Maurice
  6319 | D:8      | Reached skill level 11 in Maces & Flails
  7016 | D:9      | Noticed a necromancer
  7022 | D:9      | Killed a necromancer
  7023 | D:9      | Reached XP level 10. HP: 19/86 MP: 9/9
  7040 | D:9      | Noticed a manticore
  7058 | D:9      | Noticed a cyclops
  7074 | D:9      | Noticed a centaur warrior
  7241 | D:9      | Killed a cyclops
  7249 | D:9      | Noticed a two-headed ogre
  7253 | D:9      | Killed a two-headed ogre
  7254 | D:9      | Reached skill level 12 in Maces & Flails
  7254 | D:9      | Noticed a skeletal warrior
  7263 | D:9      | Killed a centaur warrior
  7269 | D:9      | Killed a skeletal warrior
  7270 | D:9      | Reached skill level 5 in Dodging
  7321 | D:9      | Noticed a black mamba
  7330 | D:9      | Killed a black mamba
  7469 | D:9      | Identified the +0 scale mail "Qolus" {Str+2 Dex+3}
  7583 | D:9      | Noticed an eight-headed hydra
  7594 | D:9      | Killed an eight-headed hydra
  7595 | D:9      | Reached XP level 11. HP: 55/94 MP: 10/10
  7677 | D:9      | Reached skill level 13 in Maces & Flails
  7679 | D:9      | Reached skill level 10 in Shields
  7868 | D:9      | Found Cuney's Antique Armour Emporium.
  8034 | D:9      | Noticed Gastronok
  8047 | D:9      | Killed Gastronok
  8162 | D:10     | Entered Level 10 of the Dungeon
  8162 | D:10     | Found Yggyseiv's Distillery.
  8168 | D:10     | Found Ejuphuneugg's Weapon Shoppe.
  8194 | D:10     | Found a staircase to the Orcish Mines.
  8262 | D:10     | Noticed an orc knight
  8280 | D:10     | Killed an orc knight
  8729 | D:10     | Noticed a two-headed ogre
  8737 | D:10     | Killed a two-headed ogre
  8776 | D:10     | Found a sparkling altar of Nemelex Xobeh.
  9161 | D:11     | Noticed an oklob plant
  9164 | D:11     | Found a staircase to the Lair.
  9165 | D:11     | Noticed an oklob plant
  9193 | D:11     | Noticed a brown ugly thing
  9207 | D:11     | Killed a brown ugly thing
  9221 | D:11     | Identified the +8 spear of Vinugeox {antimagic, rPois
                  | Str+3}
  9279 | D:11     | Reached skill level 10 in Armour
  9493 | D:11     | You fall into a shaft and drop 1 floor!
  9516 | D:12     | Reached skill level 14 in Maces & Flails
  9528 | D:12     | Reached XP level 12. HP: 70/104 MP: 11/11
 10743 | D:12     | Noticed a boulder beetle
 10761 | D:12     | Killed a boulder beetle
 11255 | D:13     | Noticed Josephine
 11270 | D:13     | Reached skill level 10 in Fighting
 11274 | D:13     | Killed Josephine
 11689 | D:13     | Noticed a tengu warrior
 11701 | D:13     | Killed a tengu warrior
 12029 | D:14     | Reached skill level 15 in Maces & Flails
 12217 | D:14     | Noticed a centaur warrior
 12227 | D:14     | Killed a centaur warrior
 12232 | D:14     | Reached XP level 13. HP: 115/115 MP: 12/12
 12357 | D:14     | HP: 1/116 [cyan ugly thing (16)]
 12646 | D:14     | Found a broken altar of Ashenzari.
 12741 | D:14     | Found a gate to the Vaults.
 13211 | D:14     | Found a runed translucent door.
 13214 | D:14     | Noticed a fire dragon
 13253 | D:14     | Killed a fire dragon
 13486 | D:14     | Noticed a fire giant
 13491 | D:14     | Killed a fire giant
 13499 | D:14     | Identified the amulet "Umiuthe" {Reflect Will- Regen+ Int+3
                  | SH+5 SInv}
 13677 | D:15     | Entered Level 15 of the Dungeon
 14080 | D:15     | Reached skill level 16 in Maces & Flails
 14080 | D:15     | Reached skill level 5 in Stealth
 14126 | D:15     | Reached XP level 14. HP: 52/127 MP: 13/13
 14515 | D:15     | Found a white marble altar of Elyvilon.
 14674 | D:15     | Noticed a purple very ugly thing
 14684 | D:15     | Killed a brown very ugly thing
 14919 | D:15     | Found a staircase to the Depths.
 15210 | Depths:1 | Entered Level 1 of the Depths
 15221 | Depths:1 | Reached skill level 15 in Shields
 15248 | Depths:1 | Noticed a stone giant
 15259 | Depths:1 | Killed a stone giant
 15300 | Depths:1 | Found a gateway to Hell.
 15366 | Depths:1 | Reached skill level 1 in Evocations
 15469 | Hell     | Entered the Vestibule of Hell
 15475 | Hell     | Noticed Geryon
 15624 | Depths:1 | Noticed a green very ugly thing
 15624 | Depths:1 | Noticed a green very ugly thing
 15625 | Depths:1 | Noticed a green very ugly thing
 15637 | Depths:1 | Killed a purple very ugly thing
 15641 | Depths:1 | Noticed a green very ugly thing
 15648 | Depths:1 | Killed a white very ugly thing
 15656 | Depths:1 | Killed a green very ugly thing
 15668 | Depths:1 | Killed a cyan very ugly thing
 15717 | Depths:1 | Noticed a sphinx
 15733 | Depths:1 | Paralysed by a sphinx for 4 turns
 15747 | Depths:1 | Killed a sphinx
 15799 | Depths:1 | Noticed a vampire knight
 15881 | Depths:1 | Killed a vampire knight
 16078 | Depths:1 | Found Naut's General Store.
 16086 | Depths:1 | Bought a lightning rod (4/4) for 600 gold pieces
 16114 | Depths:1 | Noticed a stone giant
 16123 | Depths:1 | Killed a stone giant
 16299 | Depths:1 | Gained mutation: You occasionally lose the ability to read
                  | scrolls when taking damage. [mutagenic glow]
 16339 | Depths:1 | Noticed a nagaraja
 16345 | Depths:1 | Noticed a nagaraja
 16355 | Depths:1 | Killed a nagaraja
 16356 | Depths:1 | Reached XP level 15. HP: 104/138 MP: 14/14
 16357 | Depths:1 | Noticed a nagaraja
 16358 | Depths:1 | Noticed a nagaraja
 16376 | Depths:1 | Slain by a nagaraja

Illustrated notes

Levels and vault maps discovered:
D:1:      psy_arrival_basics, layout_basic, ebering_ecumenical_altar_rust
D:2:      layout_rooms, minmay_rat_hole
D:3:      layout_rooms, nicolae_wu_jian_glorious_leap, lightli_temple_of_fire,
          ebering_ghost_disaster_area, minmay_misc_feat_x,
          chequers_serial_rivers_micro_d, nicolae_kite_square_tiling_tiny
D:4:      layout_loops_ring, nicolae_ru_the_path_less_chosen,
          mainiacjoe_overflow_small_starburst, temple_statues,
          gup_sewer_entry_bowl, serial_shops, shop, shop,
          nicolae_shop_i_like_big_books
D:5:      layout_basic, gammafunk_temple_overflow_statue, serial_shops, shop,
          shop, shop, shop, nicolae_shop_bloodbath_and_beyond,
          minmay_hollow_rounded_squares, uniq_eustachio
D:6:      layout_basic, mainiacjoe_overflow_concentric_impassable,
          nicolae_concentric_dashed_squares_wild
D:7:      layout_loops_ring, fiery_altar_vehumet, kennysheep_generic_room_12
D:8:      layout_loops_ring, uniq_maurice
D:9:      minmay_the_grid_3x2 [minmay_the_grid_holed_spiral,
          minmay_the_grid_dragon_b, minmay_the_grid_slots, minmay_the_grid_mess,
          minmay_the_grid_eight, minmay_the_grid_prize_big_room], layout_basic,
          serial_shops, nicolae_shop_waterfront, uniq_gastronok
D:10:     layout_irregular_city, mainiacjoe_overflow_six_doors_small,
          david_orc_5, serial_shops, nicolae_stop_n_shop_1,
          nicolae_stop_n_shop_1
D:11:     layout_irregular_city, dpeg_oklobed_lair
D:12:     layout_long_grid
D:13:     layout_roguey, uniq_josephine
D:14:     layout_long_grid, david_vaults_4, ashenzari_conservatory_becter,
          lightli_airlock
D:15:     gammafunk_enter_depths_forms, layout_basic, special_room
          [special_room_orc], nicolae_elyvilon_temple_path
Temple:   compressed_dpeg_triangle_lava_temple
Depths:1: layout_roguey, nicolae_water_bricks, serial_shops, shop, hell_entry,
          hangedman_decor_peaks_small, minmay_serpent_palace
Hell

Skill      XL: |  1  2  3  4  5  6  7  8  9 10 11 12 13 14 |
---------------+-------------------------------------------+-----
Fighting       | 4 5 6 7 9 10 12 14 | 14.3
Armour         | 4 5 7 8 9 10 11 12 13 | 13.0
Shields        | 4 5 6 8 9 11 12 14 15 | 15.7
Maces & Flails | 3 4 6 8 9 11 12 14 15 16 | 16.8
Dodging        | 1 2 3 4 5 6 7 8 9 |  9.2
Stealth        | 1 2 3 4 5 |  5.9
Evocations     | 3 |  3.7
Ranged Weapons | |  0.2

Action                   |  1- 3 |  4- 6 |  7- 9 | 10-12 | 13-15 || total
-------------------------+-------+-------+-------+-------+-------++-------
Melee: Flail             |    77 |   217 |   298 |   434 |   580 ||  1606
       Headbutt          |    14 |    26 |    63 |   105 |   164 ||   372
 Fire: Sling             |       |       |       |       |     8 ||     8
Evoke: Wand              |       |       |       |       |     1 ||     1
       Lightning rod     |       |       |       |       |     1 ||     1
       Condenser vane    |       |       |       |       |     1 ||     1
  Use: Scroll            |     2 |     7 |     3 |     7 |     1 ||    20
       Potion            |       |     7 |     2 |       |    13 ||    22
 Stab: Sleeping          |       |       |     2 |     1 |     2 ||     5
       Distracted        |       |       |     1 |     2 |    11 ||    14
       Fleeing           |       |       |       |       |     2 ||     2
Armor: Scale mail        |    47 |   123 |   115 |   158 |   138 ||   581
Dodge: Dodged            |    35 |   112 |   102 |   174 |   164 ||   587
Block: Buckler           |    18 |    54 |   121 |   208 |   238 ||   639
       Reflection        |       |       |     2 |    13 |    15 ||    30

Table legend: (Time is in decaauts)
 A = Elapsed time spent in this place.
 B = Non-inter-level travel time spent in this place.
 C = Inter-level travel time spent in this place.
 D = Time resting spent in this place.
 E = Time spent auto-exploring this place.
 F = Levels seen in this place.
 G = Mean time per level.
                   A        B        C        D        E       F      G
               +--------+--------+--------+--------+--------+-----+--------+
         Total |  16199 |  15127 |   1072 |   1349 |  10531 |  19 |  852.6 |
       Dungeon |  14837 |  13891 |    946 |   1181 |   9913 |  15 |  989.1 |
        Temple |     86 |     71 |     15 |      0 |     42 |   1 |   86.0 |
        Depths |   1140 |   1029 |    111 |    168 |    508 |   1 | 1140.0 |
          Hell |      8 |      8 |      0 |      0 |      0 |   1 |    8.0 |
         Sewer |    126 |    126 |      0 |      0 |     67 |   1 |  126.0 |
               +--------+--------+--------+--------+--------+-----+--------+

Top non-repeatable levels by time:
    D:14: 1662 daAuts
    D:15: 1462 daAuts
Depths:1: 1140 daAuts
     D:9: 1062 daAuts
    D:12: 1053 daAuts
    D:11: 1003 daAuts
     D:6: 976 daAuts
     D:8: 954 daAuts
     D:7: 947 daAuts
     D:5: 941 daAuts
    D:10: 909 daAuts
     D:1: 871 daAuts
     D:3: 857 daAuts
     D:4: 763 daAuts
    D:13: 748 daAuts
